 Dungeon Crawl Stone Soup version 0.26.0-16-gc1dbca0489 (webtiles) character file.

Game seed: 7405928498054629097

1353 Qrupt the Skirmisher (level 8, -1/84 HPs)
             Began as an Ogre Fire Elementalist on Jan 21, 2021.
             Was an Initiate of Vehumet.
             Slain by an orc priest
             ... wielding a +0 mace
              (6 damage)
             ... on level 6 of the Dungeon.
             The game lasted 00:14:02 (8021 turns).

Qrupt the Skirmisher (Ogre Fire Elementalist)       Turns: 8021, Time: 00:14:03

Health: -1/84      AC:  3    Str: 11 (13) XL:     8   Next: 63%
Magic:  17/17      EV:  9    Int: 13 (16) God:    Vehumet [......]
Gold:   354        SH:  0    Dex:  6 (9)  Spells: 18/19 levels left

rFire    . . .     SeeInvis .   f - +1 spear (venom)
rCold    + . .     Faith    .   (no shield)
rNeg     . . .     Spirit   .   a - +0 robe
rPois    .         Reflect  .   (helmet restricted)
rElec    .         Harm     .   (no cloak)
rCorr    .         Rampage  .   (gloves unavailable)
Will     .....                  (boots unavailable)
Stlth    +.........             (no amulet)
HPRegen  0.24/turn              (no ring)
MPRegen  0.15/turn              (no ring)

@: mighty
A: large, unfitting armour, cold resistance 1, dopey 1, tough skin 1, wild magic
1, evolution 1
a: Renounce Religion


You were on level 6 of the Dungeon.
You worshipped Vehumet.
Vehumet was noncommittal.
You visited 2 branches of the dungeon, and saw 7 of its levels.

You collected 354 gold pieces.

Inventory:

Hand Weapons
 f - a +1 spear of venom (weapon)
 s - a +2 mace of protection
Missiles
 k - 2 curare-tipped darts
 v - 3 throwing nets
Armour
 a - a +0 robe (worn)
Jewellery
 p - a cursed ring of teleportation {unknown}
Wands
 l - a wand of digging (5)
 q - a wand of flame (11)
 y - a wand of paralysis (5)
Scrolls
 b - 5 scrolls of identify {unknown}
 d - 3 scrolls of immolation {unknown}
 e - a scroll of amnesia {unknown}
 g - 6 scrolls of remove curse
 n - a scroll of fog {unknown}
 o - a scroll of fear {unknown}
 r - 2 scrolls of teleportation {unknown}
 t - a scroll of magic mapping {unknown}
 x - a scroll of enchant armour {unknown}
 z - a scroll of enchant weapon {unknown}
Potions
 h - a potion of heal wounds {unknown}
 i - a potion of lignification
 j - 2 potions of degeneration
 m - a potion of mutation
 w - a potion of flight {unknown}


   Skills:
 + Level 6.5 Fighting
 - Level 1.7 Dodging
 - Level 1.4 Stealth
 + Level 6.1 Spellcasting
 + Level 4.6 Conjurations
 + Level 5.4 Fire Magic


You had 18 spell levels left.
You knew the following spells:

 Your Spells              Type           Power        Failure   Level
a - Foxfire               Conj/Fire      88%          4%          1

Your spell library contained the following spells:

 Spells                   Type           Power        Failure   Level
 Conjure Flame            Conj/Fire      22%          10%         3
 Inner Flame              Hex/Fire       14%          24%         3
 Sticky Flame             Conj/Fire      22%          30%         4
 Fireball                 Conj/Fire      11%          61%         5


Dungeon Overview and Level Annotations

Branches:
Dungeon (6/15)             Temple (1/1) D:4

Altars:
Ashenzari
Cheibriados
Dithmenos
Elyvilon
Fedhas
Gozag
Hepliaklqana
Kikubaaqudgha
Makhleb
Nemelex Xobeh
Okawaru
Qazlal
Ru
Sif Muna
Trog
Uskayaw
Vehumet
Wu Jian
Xom
Yredelemnul
Zin
The Shining One

Annotations:
D:3 3 runed translucent doors, 112233's ghost, weakling OpSu


Innate Abilities, Weirdness & Mutations

You are too large for most types of armour.
You have tough skin. (AC +1)
Your flesh is cold resistant. (rC+)
You are dopey. (Int -2)
Your spells are a little harder to cast, but a little more powerful.
You evolve.


Message History

You hit the orc priest.
The orc priest is poisoned.
The orc priest is heavily wounded.
The orc priest hits you with a +0 mace!
* * * LOW HITPOINT WARNING * * *
It was a potion of degeneration.
There was something very wrong with that liquid.
You feel weakened.
You feel dopey.
You feel clumsy.
It was a potion of mutation.
You feel extremely strange.
You feel resistant to cold.
You feel less in control of your magic.
You feel stupid.
You feel nature experimenting on you.
Don't worry, failures die fast.
The orc priest hits you with a +0 mace.
* * * LOW HITPOINT WARNING * * *
It was a potion of might.
You feel very mighty all of a sudden. The orc priest closely misses you.
You barely miss the orc priest.
The orc priest is severely wounded.
The orc priest hits you with a +0 mace.
You die...

#...).)....(.....#
#.####.#.....###)#
#.# #.#.###.# #.#
#.# #.#...#.# #.#
#.# #.###.#.# #.#
#.# #.......# #.#
#.# #.......# #.#
#.# #.......###.#
#@# #.###.#......
#o# #.# #.#......
#........# #.#
#.#......
#........# #.#
#.#.##...
#........# #.#
#.#.##...
#........#
#.###.#.##...
#####....#
#.....#.##..†
#....# #######.
#... #..... #...


You could see an orc priest (poisoned).

Vanquished Creatures
  An orc warrior (D:6)
  A phantom (D:4)
  3 ogres
  A centaur (D:5)
  A water moccasin skeleton (D:4)
  3 scorpions
  A jelly (D:2)
  A hound (D:5)
  2 iguanas (D:6)
  2 worker ants
  5 orc wizards
  A howler monkey skeleton (D:4)
  6 adders
  16 gnolls
  2 adder skeletons
  2 worms
  7 dart slugs
  4 leopard geckos
  13 orcs
  8 bats
  3 giant cockroaches
  10 hobgoblins
  4 jackals
  2 quokkas
  5 frilled lizards
  10 goblins
  A jackal zombie (D:5)
  7 kobolds
  2 leopard gecko skeletons
  A leopard gecko zombie (D:5)
  6 rats
131 creatures vanquished.

Vanquished Creatures (others)
  194 foxfires
  2 fungi (D:3)
  2 plants (D:3)
198 creatures vanquished.

Grand Total: 329 creatures vanquished

Notes
Turn   | Place    | Note
-------+----------+-------------------------------------------
     0 | D:1      | Qrupt the Ogre Fire Elementalist began the quest for the
                  | Orb.
     0 | D:1      | Reached XP level 1. HP: 16/16 MP: 3/3
   153 | D:1      | Reached skill level 1 in Conjurations
   273 | D:1      | Reached XP level 2. HP: 26/26 MP: 2/5
   324 | D:1      | Reached skill level 1 in Fighting
   455 | D:1      | Reached XP level 3. HP: 32/33 MP: 7/7
  1300 | D:2      | Reached XP level 4. HP: 33/42 MP: 3/8
  2119 | D:2      | Found a sacrificial altar of Ru.
  2337 | D:3      | Reached XP level 5. HP: 9/52 MP: 3/10
  3454 | D:3      | Found a runed translucent gate.
  3454 | D:3      | Found a runed translucent gate.
  3454 | D:3      | Found a runed translucent gate.
  3455 | D:3      | Noticed a big kobold
  3455 | D:3      | Noticed a big kobold
  3455 | D:3      | Noticed 112233's ghost (weakling OpSu)
  3550 | D:3      | Reached XP level 6. HP: 44/61 MP: 11/11
  4491 | D:4      | Noticed a phantom
  4511 | D:4      | Killed a phantom
  4512 | D:4      | Reached XP level 7. HP: 55/71 MP: 4/13
  4982 | D:4      | Found a staircase to the Ecumenical Temple.
  5002 | Temple   | Entered the Ecumenical Temple
  5103 | Temple   | Became a worshipper of Vehumet
  5404 | D:4      | Reached skill level 5 in Fighting
  5404 | D:4      | Reached skill level 5 in Spellcasting
  5729 | D:5      | Entered Level 5 of the Dungeon
  6513 | D:5      | Reached XP level 8. HP: 80/81 MP: 15/15
  7102 | D:5      | Reached skill level 5 in Fire Magic
  8019 | D:6      | Gained mutation: Your flesh is cold resistant. (rC+)
                  | [potion of mutation]
  8019 | D:6      | Gained mutation: Your spells are a little harder to cast,
                  | but a little more powerful. [potion of mutation]
  8019 | D:6      | Gained mutation: You are dopey. (Int -2) [potion of
                  | mutation]
  8019 | D:6      | Gained mutation: You evolve. [potion of mutation]
  8019 | D:6      | HP: 4/84 [orc priest/+0 mace (2)]
  8021 | D:6      | Slain by an orc priest

Illustrated notes

Levels and vault maps discovered:
D:1:      giann_bridges, layout_loops_ring, serial_rivers,
          chequers_serial_rivers_room_b, chequers_serial_rivers_large_b,
          chequers_serial_rivers_small_3, chequers_serial_rivers_marsh,
          chequers_serial_rivers_small_3
D:2:      layout_loops_corners, lemuel_round_altar
D:3:      layout_basic, gammafunk_ghost_nasty_kobolds, kennysheep_pointless_box,
          lemuel_another_geyser
D:4:      layout_layer_cave, minmay_temple_entry_poolview
D:5:      layout_loops_ring, serial_park_tiny_1, dk_vineyard_2
D:6:      layout_basic, portal_sewer_entry_a
Temple:   dpeg_three_leaves_temple

Skill      XL: |  1  2  3  4  5  6  7  8 |
---------------+-------------------------+-----
Conjurations   | 1 2 3 4 |  4.6
Fighting       | 1 2 3 4 5 6 |  6.5
Fire Magic     | 3 4 5 |  5.4
Spellcasting   | 3 4 5 6 |  6.1
Dodging        | |  1.7
Stealth        | |  1.4

Action                   |  1- 3 |  4- 6 |  7- 9 || total
-------------------------+-------+-------+-------++-------
Melee: Spear             |    64 |   157 |   168 ||   389
 Cast: Foxfire           |    18 |    56 |    37 ||   111
  Use: Potion            |       |     1 |     4 ||     5
       Scroll            |       |     1 |       ||     1
 Stab: Sleeping          |       |     4 |     3 ||     7
Armor: Robe              |    17 |    21 |    30 ||    68
       Skin              |       |    19 |       ||    19
Dodge: Dodged            |    33 |    81 |    84 ||   198
